 Dungeon Crawl Stone Soup version 0.29.0-5-ge4962eb29e (webtiles) character file.

Game seed: 12295155626086361072

2 Woods the Trooper (level 1, -2/14 HPs)
             Began as a Gargoyle Fighter on Aug 30, 2022.
             Slain by a kobold
             ... wielding a +0 whip
              (5 damage)
             ... on level 1 of the Dungeon.
             The game lasted 00:00:19 (187 turns).

Woods the Trooper (Gargoyle Fighter)                 Turns: 187, Time: 00:00:20

Health: -2/14      AC:  9    Str: 19    XL:     1   Next: 30%
Magic:  1/1        EV:  9    Int:  8    God:
Gold:   0          SH:  4    Dex:  9    Spells: 0/0 levels left

rFire   . . .      SeeInvis .   a - +0 flail
rCold   . . .      Faith    .   c - +0 buckler
rNeg    + . .      Spirit   .   b - +0 scale mail
rPois   ∞          Reflect  .   (no helmet)
rElec   +          Harm     .   (no cloak)
rCorr   .          Rampage  .   (no gloves)
Will    .....                   (no boots)
Stlth   ..........              (no amulet)
HPRegen 0.04/turn               (no ring)
MPRegen 0.07/turn               (no ring)

@: no status effects
A: sickness immunity, AC +2, negative energy resistance 1, electricity
resistance, torment resistance 1, petrification resistance
a: no special abilities


You were on level 1 of the Dungeon.
You visited 1 branch of the dungeon, and saw 1 of its levels.

Inventory:

Hand Weapons
 a - a +0 flail (weapon)
Armour
 b - a +0 scale mail (worn)
 c - a +0 buckler (worn)
Jewellery
 g - a ring of protection from fire
Scrolls
 e - a scroll of identify {unknown}
Potions
 d - a potion of might
 f - a potion of haste {unknown}


   Skills:
 + Level 3.3 Fighting
 + Level 2.0 Maces & Flails
 - Level 3.3 Armour
 - Level 3.3 Shields


You couldn't memorise any spells.
You didn't know any spells.
Your spell library was empty.

Dungeon Overview and Level Annotations

Branches:
Dungeon (1/15)

Altars:


Innate Abilities, Weirdness & Mutations

You are immune to sickness and miasma.
Your stone body is resilient. (AC +2)
You are immune to poison.
You resist negative energy. (rN+)
You are resistant to electric shocks. (rElec)
You are resistant to unholy torment.
You are immune to petrification.


Message History

A goblin comes into view. It is wielding a +0 club.
Found a scroll labelled YNYMEM ZAHY.
You see here a ring of protection from fire.
g - a ring of protection from fire The kobold throws a stone.
You block the stone.
A hobgoblin comes into view.
Found a stone staircase leading down.
The hobgoblin shouts!
The goblin hits you with a +0 club. The goblin attacks as you move away!
You block the goblin's attack.
The giant cockroach attacks as you move away!
The giant cockroach closely misses you. You block the giant cockroach's attack.
You barely miss the giant cockroach.
The giant cockroach barely misses you. x2
You sock the giant cockroach!
You kill the giant cockroach!
The kobold closely misses you.
You closely miss the kobold. The kobold hits you but does no damage.
You closely miss the kobold. The kobold hits you but does no damage.
You hit the kobold but do no damage. The kobold hits you but does no damage.
The hobgoblin barely misses you. The kobold closely misses you.
The hobgoblin barely misses you.
You barely miss the kobold. The kobold barely misses you.
The hobgoblin closely misses you.
You barely miss the kobold. The kobold hits you with a +0 whip.
The hobgoblin closely misses you.
You barely miss the kobold. You block the kobold's attack.
The hobgoblin hits you but does no damage.
The kobold hits you but does no damage. You block the hobgoblin's attack.
You closely miss the kobold. The kobold barely misses you.
The hobgoblin closely misses you.
You hit the hobgoblin.
The hobgoblin is lightly wounded.
The kobold hits you with a +0 whip.
The hobgoblin hits you but does no damage.
You closely miss the hobgoblin.
The hobgoblin is lightly wounded.
You block the kobold's attack. The hobgoblin hits you.
* * * LOW HITPOINT WARNING * * *
The kobold hits you with a +0 whip.
You die...

.......#...............
#..#...#.##........... .
.........#..............
#..........##.....##..
.......................
....#..#.###)#.....###
... #........#......# #
. ##........##g...##..##
#.......gK@..........
#.......#####'#####.
#.......# #...#.~#
.....##### +...'..#
#.....# #...#.P# #...?..
####...#### #...>.
#P~#...#..# #(.'...'..#
#~.#...#..#


You could see a hobgoblin, a goblin and a kobold.

Vanquished Creatures
  A giant cockroach (D:1)
  A rat (D:1)
2 creatures vanquished.

Notes
Turn   | Place    | Note
-------+----------+-------------------------------------------
     0 | D:1      | Woods the Gargoyle Fighter began the quest for the Orb.
     0 | D:1      | Reached XP level 1. HP: 14/14 MP: 1/1
   187 | D:1      | Slain by a kobold

Illustrated notes

Levels and vault maps discovered:
D:1:      dpeg_arrival_prison, layout_rooms, nicolae_ecumenical_snake_handling,
          hangedman_abyss_or_decor_stabs, nicolae_shop_vocational

Action                   || total
-------------------------++-------
Melee: Flail             ||    15
Armor: Scale mail        ||     7
Dodge: Dodged            ||    12
Block: Buckler           ||    10
